AoeStats
← _vishi_

Nomad

506175036Analyzed
3v3 RM · 20d ago on Sep 12, 2026· 47m 43s· 6 players
Game mode
Random Map
Map size
210×210
Population
200
Speed
Normal
Resources
Standard
Victory
Conquest
Starting age
Dark Age
Ending age
Imperial Age
RankedLock teamsTeams togetherTeam positionsShared explorationLock speedFull tech treeHidden civsTurbo modeCheats
Victory
Defeat
🇬🇧 Italians · United Kingdom
1423
+13
🇮🇳 Mapuche · India
1401
+13
🇮🇳 Dravidians · India
1397
+14
🇵🇪 Mapuche · Peru
1366
-14
🇫🇷 Spanish · France
1359
-14
🇧🇷 Franks · Brazil
1313
-12
HoraceTBear
6:01 Loom
13:38 Feudal Age
17:28 Castle Age
19:01 Gold Mining
28:39 Imperial Age
27:20 Double-Bit Axe
35:52 Gold Shaft Mining
35:09 Stone Mining
36:54 Onager
44:40 Horse Collar
Ascad
8:24 Loom
15:09 Feudal Age
15:56 Double-Bit Axe
20:50 Castle Age
19:32 Forging
19:28 Scale Barding Armor
21:18 Wheelbarrow
20:40 Gold Mining
24:57 Chain Barding Armor
29:15 Stone Mining
32:44 Iron Casting
35:28 Imperial Age
34:58 Husbandry
36:22 Cavalier
37:47 Conscription
39:07 Plate Barding Armor
43:58 Paladin
47:23 Blast Furnace
Maximanus
13:19 Feudal Age
13:40 Loom
18:05 Castle Age
15:55 Horse Collar
15:57 Fishing Lines
18:36 Town Watch
18:51 Double-Bit Axe
19:29 Heavy Plow
20:48 Padded Archer Armor
28:04 Leather Archer Armor
32:25 Husbandry
33:22 Bloodlines
40:43 Imperial Age
38:12 Gold Mining
38:40 Scale Mail Armor
39:19 Forging
39:46 Squires
39:08 Man-at-Arms
40:06 Gambesons
40:07 Arson
40:11 Long Swordsman
41:33 Chain Mail Armor
41:49 Conscription
41:20 Two-Handed Swordsman
42:53 Wheelbarrow
42:10 Champion
43:21 Plate Mail Armor
45:21 Bow Saw
47:07 Iron Casting
Mezsar
4:35 Loom
13:12 Feudal Age
14:27 Wheelbarrow
14:04 Double-Bit Axe
18:29 Castle Age
16:26 Gold Mining
17:07 Fletching
17:53 Padded Archer Armor
19:22 Bodkin Arrow
21:00 Bow Saw
22:32 Hand Cart
27:34 Thumb Ring
27:26 Stone Mining
30:21 Fishing Lines
32:13 Ballistics
34:12 Husbandry
35:32 Horse Collar
37:12 Heavy Plow
41:14 Imperial Age
39:01 Gillnets
39:23 Forging
41:05 Medical Corps
40:49 Pikeman
42:07 Iron Casting
41:47 Leather Archer Armor
42:57 Chemistry
43:13 Bracer
45:26 Halberdier
47:38 Elite Elephant Archer
48:51 Ring Archer Armor
LuG_
5:09 Loom
12:02 Feudal Age
12:31 Double-Bit Axe
20:43 Castle Age
20:52 Fishing Lines
21:55 Medium Warships
21:37 Gillnets
22:55 Fletching
23:57 Wheelbarrow
23:56 Bodkin Arrow
24:01 Padded Archer Armor
26:20 Bow Saw
27:25 Leather Archer Armor
29:52 Ballistics
34:08 Imperial Age
34:12 Elite Genoese Crossbowman
34:54 Bracer
42:00 Chemistry
43:40 Conscription
43:56 Ring Archer Armor
44:32 Gold Mining
46:50 Two-Man Saw
_vishi_
5:59 Loom
13:37 Feudal Age
15:59 Double-Bit Axe
18:45 Castle Age
17:32 Fletching
18:40 Wheelbarrow
19:54 Bodkin Arrow
34:13 Hand Cart
39:01 Imperial Age
42:25 Imperial Age
39:46 Elite Skirmisher
40:51 Pikeman
41:44 Padded Archer Armor
43:07 Ballistics
44:52 Elite Bolas Rider
46:51 Chemistry
46:32 Horse Collar
Connection lost

Rejoining the realm…

Still unreachable

The connection could not be restored.

Session expired

The server has moved on; the page needs a fresh start.